 Dungeon Crawl Stone Soup version 0.22-b1-21-g5cfc168 (webtiles) character file.

43 tyranidshit the Skirmisher (level 3, 0/31 HPs)
             Began as a Demonspawn Abyssal Knight on Aug 5, 2018.
             Was a Follower of Lugonu.
             Slain by an adder (3 damage)
             ... on level 2 of the Dungeon.
             The game lasted 00:03:17 (1228 turns).

tyranidshit the Skirmisher (DsAK)                   Turns: 1228, Time: 00:03:18

Health: 0/31       AC:  3    Str: 13    XL:     3   Next: 37%
Magic:  0/4        EV: 11    Int: 13    God:    Lugonu [*.....]
Gold:   76         SH:  0    Dex: 12    Spells: 2/2 levels left

rFire    . . .     SeeInvis .   a - +1 hand axe
rCold    . . .     Gourm    .   (no shield)
rNeg     . . .     Faith    .   b - +0 leather armour
rPois    .         Spirit   +   (no helmet)
rElec    .         Reflect  .   (no cloak)
rCorr    .         Harm     .   (no gloves)
MR       ++...                  (no boots)
Stlth    +.........             (no amulet)
HPRegen  0.10/turn              g - ring of protection from magic
MPRegen  0.09/turn              (no ring)

@: no status effects
A: hooves 1, magic resistance 1, screaming 1, magic shield
a: Depart the Abyss, Renounce Religion


You were on level 2 of the Dungeon.
You worshipped Lugonu.
Lugonu was aware of your devotion.
You were not hungry.

You visited 1 branch of the dungeon, and saw 2 of its levels.
You visited the Abyss 1 time.

You collected 76 gold pieces.

Inventory:

Hand Weapons
 a - a +1 hand axe (weapon)
Armour
 b - a +0 leather armour (worn)
Jewellery
 g - a ring of protection from magic (left hand)
Potions
 f - 3 potions of curing
Comestibles
 c - 5 rations


   Skills:
 + Level 4.5 Fighting
 - Level 1.7 Axes
 - Level 1.7 Armour
 - Level 0.8 Dodging
 - Level 2.4 Invocations


You had 2 spell levels left.
You didn't know any spells.
Your spell library was empty.

Dungeon Overview and Level Annotations

Branches:
Dungeon (2/15)

Altars:


Innate Abilities, Weirdness & Mutations

You have large cloven feet.
When hurt, damage is shared between your health and your magic reserves.
You are resistant to hostile enchantments. (MR+)
You occasionally shout uncontrollably at your foes.


Message History

Unknown command.
You hit the giant cockroach.
You kill the giant cockroach!
Lugonu accepts your kill. The bat hits you.
* * * LOW HITPOINT WARNING * * *
You miss the bat. Your kick misses the bat. The bat closely misses you.
You hit the bat.
You kill the bat!
Lugonu accepts your kill.
Unknown command.
The adder hisses angrily.
The adder bites you.
* * * LOW HITPOINT WARNING * * *
The adder bites you.
* * * LOW HITPOINT WARNING * * *
The adder bites you but does no damage. The adder bites you but does no damage.
The adder bites you.
You die...

r#................. ).#
#.###...............
...##. ##........#.....
#....# #.#.##...##...#
#.....##..#.#...##.....
#.....).##...###..####
#.....###...#...##
#...††........###
#...@†....#..##
#..S†#.####...#
#.....###......###
#.........######
##.#.##.### .. #.... .
#..# #.. #.


You could see an adder.

Vanquished Creatures
  A leopard gecko (D:1)
  7 bats
  2 bat zombies (D:1)
  2 giant cockroaches
  5 goblins
  3 hobgoblins
  5 jackals
  5 kobolds
  3 frilled lizards
  4 rats
37 creatures vanquished.

Notes
Turn   | Place    | Note
-------+----------+-------------------------------------------
     0 | Abyss:1  | tyranidshit the Demonspawn Abyssal Knight began the quest for the Orb.
     0 | Abyss:1  | Reached XP level 1. HP: 18/18 MP: 2/2
    96 | Abyss:1  | Noticed a worldbinder
   129 | Abyss:2  | Noticed a golden eye
   129 | Abyss:2  | Noticed a golden eye
   192 | Abyss:2  | Noticed a raiju
   194 | D:1      | Escaped the Abyss
   277 | D:1      | Reached * piety under Lugonu
   277 | D:1      | Gained mutation: When hurt, damage is shared between your health and your magic reserves. [demonic ancestry]
   277 | D:1      | Reached XP level 2. HP: 19/24 MP: 3/3
   682 | D:1      | Reached skill level 4 in Fighting
   979 | D:1      | Gained mutation: You occasionally shout uncontrollably at your foes. [potion of mutation]
   979 | D:1      | Gained mutation: You are resistant to hostile enchantments. (MR+) [potion of mutation]
  1134 | D:2      | Gained mutation: You have large cloven feet. [demonic ancestry]
  1134 | D:2      | Reached XP level 3. HP: 20/30 MP: 0/4
  1228 | D:2      | Slain by an adder

Skill      XL: |  1  2 |
---------------+-------+-----
Fighting       | 4 |  4.5
Axes           | |  1.7
Armour         | |  1.7
Dodging        | |  0.8
Invocations    | |  2.4

Action                   || total
-------------------------++-------
Melee: Hand axe          ||    99
       Kick              ||     4
Invok: Depart the Abyss  ||     1
  Use: Potion            ||     4
       Scroll            ||     3
  Eat: Ration            ||     1
Armor: Leather armour    ||    58
Dodge: Dodged            ||    97
